Map: Catalesque CE

Players

Nyck - Winner!

  • Race: Terran Terran
  • Spawn Location: 11:00

Ekelpack - Winner!

  • Race: Zerg Zerg
  • Spawn Location: 11:00

llordciock

  • Race: Protoss Protoss
  • Spawn Location: 5:00

Vince

  • Race: Protoss Protoss
  • League: Platinum
  • Spawn Location: 5:00

VOD

Have the link to the VOD?

Description

Time

  • Played on: Aug. 20, 2024, 3:45 p.m.
  • Length: 13:50
Show
View Real Time Build Order
Export as new Build Order

Nyck Terran - Winner!

Build Orders: 2 Factory, Mech 

Get SALT Encoding   

  12  0:01  SCV  
  13  0:13  SCV  
  14  0:20  Supply Depot  
  14  0:25  SCV  
  15  0:42  SCV  
  16  0:44  Barracks  
  16  0:54  SCV  
  17  1:06  SCV  
  18  1:17  Command Center  
  18  1:20  SCV  
  19  1:33  Marine  
  19  1:37  Orbital Command, Refinery  
  20  1:45  Supply Depot  
  20  1:51  Marine  
  21  2:05  Refinery  
  21  2:06  SCV  
  22  2:18  SCV  
  22  2:21  Reaper  
  24  2:29  SCV  
  25  2:30  SCV  
  25  2:31  Refinery  
  26  2:42  SCV, Refinery  
  26  2:43  SCV  
  28  2:53  Factory  
  28  2:55  SCV x2  
  30  3:07  SCV x2  
  30  3:08  Factory  
  32  3:19  Factory  
  32  3:21  SCV x2  
  34  3:33  Orbital Command  
  34  3:38  SCV  
  35  3:51  SCV  
  35  3:54  Factory Tech Lab x2  
  36  3:56  Command Center  
  36  4:03  SCV  
  36  4:06  SCV  
  37  4:14  Factory Tech Lab  
  37  4:20  Armory  
  37  4:21  Armory  
  37  4:23  Supply Depot  
  37  4:26  SCV  
  38  4:35  Engineering Bay  
  38  4:36  SCV  
  39  4:40  SCV  
  40  4:46  Siege Tank  
  40  4:47  Supply Depot  
  40  4:49  SCV  
  44  4:55  SCV  
  45  5:04  Siege Tank  
  45  5:05  Siege Tank  
  51  5:10  Planetary Fortress  
  51  5:13  Refinery  
  51  5:15  SCV x2  
  51  5:18  Siege Tank  
  56  5:25  Supply Depot  
  56  5:28  Terran Vehicle And Ship Armor Level 1  
  56  5:29  Terran Ship Weapons Level 1  
  56  5:33  SCV x2  
  58  5:37  Siege Tank  
  58  5:38  Siege Tank  
  64  5:45  SCV x2  
  64  5:48  SCV  
  67  5:50  Siege Tank  
  70  5:57  SCV  
  70  6:01  Missile Turret  
  71  6:17  Missile Turret  
  71  6:22  Missile Turret  
  71  6:33  SCV x3  
  71  6:38  Missile Turret  
  74  6:40  Thor  
  74  6:43  Missile Turret  
  74  6:44  Supply Depot  
  80  6:47  SCV x3  
  83  7:01  Missile Turret  
  83  7:05  Thor  
  83  7:06  Supply Depot, SCV x3  
  92  7:13  Refinery  
  92  7:16  Thor  
  98  7:22  Terran Vehicle And Ship Armor Level 2  
  98  7:24  Terran Ship Weapons Level 2  
  98  7:25  Missile Turret  
  98  7:28  Supply Depot  
  98  7:32  Neosteel Armor  
  98  7:34  SCV x3  
  101  7:43  Thor  
  107  7:46  SCV x3  
  107  7:48  Thor  
  116  7:52  Supply Depot  
  116  7:58  SCV x2  
  118  8:02  Command Center  
  118  8:13  SCV x2  
  118  8:15  Supply Depot  
  120  8:27  SCV x2  
  120  8:29  Starport  
  120  8:33  Thor  
  128  8:36  Thor  
  128  8:38  Supply Depot, Smart Servos  
  134  9:00  Supply Depot  
  134  9:12  Hi-Sec Auto Tracking  
  134  9:16  Thor x2  
  146  9:19  Thor  
  152  9:59  Thor x2  
  164  10:02  Thor  
  164  10:07  Terran Vehicle And Ship Armor Level 3  
  167  12:38  Thor  
  167  12:39  Thor  
  167  12:53  Thor  
Show
View Real Time Build Order
Export as new Build Order

Ekelpack Zerg - Winner!

Build Orders: Hatch First 

Get SALT Encoding   

  12  0:00  Drone  
  13  0:08  Drone  
  14  0:16  Overlord  
  14  0:44  Hatchery  
  14  0:45  Drone  
  14  0:49  Drone  
  15  0:55  Drone  
  16  0:58  Drone  
  17  1:13  Spawning Pool  
  17  1:15  Drone  
  17  1:19  Extractor  
  17  1:20  Drone  
  17  1:28  Drone  
  18  1:39  Drone  
  19  1:47  Extractor  
  19  1:52  Drone  
  19  1:58  Drone  
  20  2:02  Drone  
  20  2:05  Queen  
  23  2:14  Drone  
  24  2:18  Lair  
  24  2:21  Drone x2  
  26  2:23  Drone  
  27  2:31  Overlord  
  27  2:34  Drone  
  28  2:42  Drone, Extractor  
  28  2:52  Drone  
  28  2:53  Drone  
  30  3:00  Drone  
  30  3:03  Drone  
  32  3:11  Drone  
  33  3:15  Drone x3  
  33  3:16  Overlord  
  36  3:22  Spire  
  36  3:27  Drone, Extractor  
  36  3:32  Drone  
  36  3:34  Queen  
  38  3:43  Drone x2  
  40  3:50  Drone  
  40  3:53  Drone x3  
  44  3:56  Overlord  
  44  4:16  Overlord  
  44  4:32  Overlord  
  44  4:34  Overlord x3  
  44  4:35  Mutalisk x3  
  44  4:37  Zerg Flyer Weapons Level 1  
  50  4:42  Drone  
  51  4:49  Mutalisk x2  
  51  4:50  Mutalisk x3  
  61  5:02  Mutalisk x2  
  61  5:04  Mutalisk  
  67  5:14  Hatchery  
  66  5:28  Infestation Pit  
  66  5:33  Drone x2  
  66  5:34  Drone x4  
  71  5:36  Overlord  
  71  5:37  Overlord  
  65  5:59  Spore Crawler  
  65  6:00  Spore Crawler  
  65  6:01  Drone x2  
  57  6:04  Spore Crawler  
  57  6:05  Spore Crawler  
  57  6:07  Drone  
  57  6:08  Drone x4  
  58  6:23  Hive  
  58  6:44  Drone x2, Queen  
  62  6:49  Extractor  
  62  6:50  Drone, Extractor  
  61  6:54  Drone x2  
  61  6:55  Drone x2  
  61  6:58  Drone  
  66  7:06  Evolution Chamber  
  66  7:07  Evolution Chamber  
  64  7:09  Drone  
  64  7:12  Drone  
  66  7:19  Drone x2  
  68  7:31  Metabolic Boost  
  68  7:33  Zerg Melee Weapons Level 1  
  68  7:34  Zerg Ground Armor Level 1  
  68  7:44  Ultralisk Cavern  
  67  8:14  Overlord x2  
  67  8:36  Chitinous Plating  
  67  8:38  Ultralisk x7  
  67  8:39  Ultralisk x2  
  121  8:41  Overlord x2  
  121  8:42  Overlord x3  
  121  8:54  Pneumatized Carapace  
  121  8:56  Hatchery  
  121  9:02  Overlord x5  
  114  9:36  Zergling x6  
  114  9:37  Ultralisk x3  
  114  9:38  Ultralisk  
  129  9:55  Zergling x4  
  129  9:57  Anabolic Synthesis  
  131  10:10  Adrenal Glands  
  131  10:12  Zerg Melee Weapons Level 2  
  131  10:14  Overlord  
  131  10:15  Overlord x2  
  131  10:17  Zergling x12  
  131  10:18  Zergling x2  
  138  10:46  Ultralisk x3  
  145  11:00  Ultralisk  
  145  11:01  Zergling x10, Overlord  
  145  11:02  Zergling x2, Overlord x2  
  136  11:46  Drone  
  136  11:47  Drone x2, Overlord x2  
  135  11:49  Ultralisk x4  
  148  12:18  Ultralisk  
  148  12:21  Burrow  
  148  12:30  Zergling x12  
  148  12:31  Zergling x12  
  148  12:32  Zergling x2  
  161  12:42  Extractor  
  160  12:45  Extractor  
  159  13:01  Zergling x10  
Show
View Real Time Build Order
Export as new Build Order

llordciock Protoss 

Build Orders:  

Get SALT Encoding   

  12  0:01  Probe  
  13  0:16  Pylon  
  13  0:19  Probe  
  14  0:35  Gateway  
  14  0:44  Gateway  
  14  0:50  Probe  
  15  0:59  Forge  
  15  1:02  Probe (Chrono Boost)  
  16  1:14  Probe (Chrono Boost)  
  16  1:15  Assimilator  
  17  1:20  Probe (Chrono Boost)  
  18  1:33  Probe  
  19  1:43  Photon Cannon  
  19  1:53  Cybernetics Core  
  19  2:09  Pylon  
  19  2:27  Stalker x2 (Chrono Boost)  
  23  2:40  Nexus  
  23  2:44  Pylon  
  23  2:45  Warp Gate  
  23  2:53  Probe  
  23  2:58  Stalker  
  26  3:11  Photon Cannon  
  26  3:17  Stalker  
  28  3:25  Assimilator  
  28  3:26  Probe (Chrono Boost)  
  29  3:35  Probe (Chrono Boost)  
  29  3:40  Probe  
  31  3:50  Shield Battery  
  31  3:58  Gateway  
  31  4:01  Gateway  
  31  4:07  Robotics Facility  
  31  4:14  Stalker  
  33  4:23  Stalker  
  35  4:24  Probe  
  36  4:35  Protoss Ground Weapons Level 1  
  36  4:44  Stalker  
  38  4:46  Probe x2  
  40  4:55  Pylon  
  40  4:57  Observer  
  41  5:05  Pylon  
  41  5:06  Pylon  
  41  5:07  Probe  
  41  5:08  Probe  
  43  5:19  Observer  
  44  5:29  Gateway  
  44  5:30  Gateway  
  44  5:42  Twilight Council  
  44  5:44  Warp Prism  
  46  5:59  Stalker x2  
  50  6:19  Probe x2  
  50  6:25  Photon Cannon  
  52  6:29  Shield Battery  
  52  6:31  Probe x2  
  54  6:36  Charge (Chrono Boost)  
  54  6:43  Observer, Probe x2  
  57  6:55  Probe  
  58  7:04  Stalker x2  
  58  7:08  Protoss Ground Armor Level 1  
  62  7:14  Assimilator, Probe  
  62  7:15  Probe  
  64  7:24  Zealot x2  
  64  7:25  Zealot x2  
  64  7:26  Probe  
  73  7:46  Assimilator  
  73  7:55  Nexus  
  73  8:17  Warp Prism  
  65  8:20  Blink  
  65  8:29  Robotics Bay  
  65  8:31  Dark Shrine  
  65  8:41  Pylon  
  65  8:42  Pylon  
  65  8:45  Stalker x2  
  65  8:46  Stalker, Pylon  
  71  9:09  Probe  
  73  9:10  Probe x2  
  74  9:21  Probe  
  74  9:22  Probe  
  76  9:52  Stalker  
  76  9:53  Stalker x2  
  76  9:54  Stalker  
  84  10:01  Gateway  
  84  10:03  Gateway  
  84  10:09  Gravitic Boosters  
  84  10:11  Colossus  
  90  10:18  Robotics Facility  
  90  10:21  Robotics Facility  
  90  10:27  Photon Cannon x2  
  90  10:30  Shield Battery  
  90  10:32  Pylon  
  90  10:39  Stalker x4  
  57  11:04  Colossus  
  57  11:05  Dark Templar  
  57  11:11  Dark Templar  
  51  11:16  Dark Templar  
  35  11:36  Dark Templar  
  32  11:57  Dark Templar  
  26  12:17  Sentry  
Show
View Real Time Build Order
Export as new Build Order

Vince Protoss 

Build Orders: 1 Gate Expand, Forge Fast Expand (FFE), Phoenix Opening, Carriers, Mass Phoenix 

Get SALT Encoding   

  12  0:02  Probe  
  13  0:14  Probe  
  14  0:19  Pylon  
  14  0:26  Probe (Chrono Boost)  
  15  0:40  Probe (Chrono Boost)  
  15  0:41  Gateway  
  16  0:52  Probe  
  17  0:58  Forge  
  17  1:06  Assimilator  
  17  1:09  Assimilator  
  17  1:10  Probe  
  18  1:36  Nexus  
  18  1:46  Cybernetics Core  
  18  1:57  Probe (Chrono Boost)  
  19  2:05  Pylon  
  19  2:09  Probe (Chrono Boost)  
  20  2:17  Probe (Chrono Boost)  
  21  2:23  Probe  
  21  2:27  Stargate  
  22  2:37  Probe  
  22  2:38  Assimilator  
  22  2:42  Assimilator  
  23  2:53  Probe  
  23  2:55  Probe  
  25  3:05  Probe  
  25  3:07  Probe  
  25  3:08  Stargate  
  27  3:15  Photon Cannon  
  27  3:21  Shield Battery  
  27  3:25  Probe  
  28  3:29  Phoenix  
  30  3:34  Probe  
  30  3:37  Probe  
  32  3:46  Probe  
  33  3:49  Probe, Stargate  
  34  4:01  Phoenix  
  36  4:03  Probe  
  36  4:04  Probe  
  38  4:16  Probe x2  
  40  4:20  Phoenix  
  42  4:28  Probe x2  
  44  4:32  Phoenix  
  44  4:37  Protoss Air Weapons Level 1 (Chrono Boost)  
  46  4:42  Pylon  
  46  4:45  Pylon  
  46  4:51  Pylon  
  46  4:54  Pylon  
  46  4:59  Phoenix  
  50  5:00  Probe x2  
  50  5:03  Phoenix  
  52  5:08  Phoenix  
  54  5:17  Probe  
  54  5:18  Probe  
  56  5:22  Protoss Shields Level 1 (Chrono Boost)  
  56  5:29  Probe  
  56  5:30  Probe, Phoenix  
  56  5:33  Phoenix  
  62  5:43  Phoenix  
  62  6:08  Phoenix x2  
  66  6:18  Phoenix  
  68  6:39  Nexus  
  68  6:40  Probe x2  
  68  6:41  Pylon  
  68  6:44  Pylon, Photon Cannon  
  68  6:46  Photon Cannon  
  70  6:47  Assimilator, Phoenix  
  70  6:48  Phoenix x2  
  70  6:51  Assimilator  
  76  7:02  Protoss Air Armor Level 1 (Chrono Boost)  
  76  7:03  Photon Cannon  
  76  7:05  Photon Cannon  
  76  7:10  Shield Battery  
  76  7:12  Shield Battery  
  76  7:19  Phoenix x2  
  80  7:23  Phoenix  
  82  7:38  Photon Cannon  
  82  7:47  Pylon  
  82  7:50  Phoenix, Pylon  
  82  7:51  Phoenix  
  86  7:54  Pylon  
  86  8:06  Fleet Beacon  
  86  8:07  Probe x3  
  89  8:19  Probe x3  
  84  9:24  Carrier  
  84  9:25  Carrier x2  
  100  10:14  Flux Vanes  
  100  10:20  Probe  
  100  10:21  Probe x2  
  103  10:27  Stargate  
  103  10:29  Carrier (Chrono Boost)  
  103  10:30  Carrier (Chrono Boost)  
  103  10:33  Probe x2  
  109  10:45  Probe x2  
  110  10:51  Pylon  
  110  10:52  Carrier (Chrono Boost)  
  110  10:53  Pylon  
  110  10:56  Pylon  
  106  11:36  Void Ray x2 (Chrono Boost)  
  118  11:43  Void Ray (Chrono Boost)  
  114  12:28  Void Ray x3  
Tags
 
Add a new tag
Caveats
  • Supply blocks, unpowered buildings, or Contaminate may cause inaccurate times.
  • Supply counts are checked every 10 seconds.